 Dungeon Crawl Stone Soup version 0.30.1-4-g462c640d31 (webtiles) character file.

Game seed: 15928085065627755296

161 ChiefBigBeans the Digger (level 5, 0/31 HPs)
             Began as a Gargoyle Earth Elementalist on Sept 14, 2023.
             Slain by a frilled lizard (3 damage)
             ... on level 3 of the Dungeon.
             The game lasted 00:04:05 (1775 turns).

ChiefBigBeans the Digger (GrEE)                     Turns: 1775, Time: 00:04:09

Health: 0/31       AC:  7    Str: 10    XL:     5   Next: 42%
Magic:  5/9        EV: 12    Int: 15    God:
Gold:   93         SH:  0    Dex: 16    Spells: 8/9 levels left

rFire   . . .        j - +2 short sword (venom)
rCold   . . .        (no shield)
rNeg    + . .        a - +1 robe
rPois   ∞            (helmet restricted)
rElec   +            (no cloak)
rCorr   .            (no gloves)
SInv    .            (no boots)
Will    .....        (no amulet)
Stlth   ++           (no ring)
HPRegen 0.25/turn    (no ring)
MPRegen 0.11/turn

%: no passive effects
@: no status effects
A: sickness immunity, AC +4, negative energy resistance 1, electricity
resistance, torment resistance 1, petrification resistance, horns 1, agile 1
a: no special abilities


You were on level 3 of the Dungeon.
You visited 1 branch of the dungeon, and saw 3 of its levels.

You collected 93 gold pieces.

Inventory:

Hand Weapons
 f - a +0 rapier
 j - a +2 short sword of venom (weapon)
Armour
 a - a +1 robe (worn)
Scrolls
 d - 2 scrolls of fog {unknown}
 e - a scroll of amnesia
 g - a scroll of enchant weapon {unknown}
 h - a scroll of fear
 k - a scroll of teleportation {unknown}
Potions
 b - a potion of magic
 c - 2 potions of curing {unknown}
 i - 2 potions of experience {unknown}


   Skills:
 + Level 2.4 Fighting
 + Level 1.3 Short Blades
 + Level 2.1 Armour
 - Level 1.5 Dodging
 - Level 2.1 Stealth
 + Level 2.8 Spellcasting
 - Level 0.7 Transmutations
 + Level 4.6 Earth Magic


You had 8 spell levels left.
You knew the following spells:

 Your Spells              Type           Power      Damage    Failure   Level
a - Sandblast             Erth           32%        2d9       3%          1

Your spell library contained the following spells:

 Spells                   Type           Power      Damage    Failure   Level
 Passwall                 Tmut/Erth      8%         N/A       11%         2
 Stone Arrow              Conj/Erth      18%        3d8       24%         3
 Petrify                  Tmut/Erth      10%        N/A       56%         4


Dungeon Overview and Level Annotations

Branches:
Dungeon (3/15)

Altars:


Innate Abilities, Weirdness & Mutations

You are immune to sickness and miasma.
Your stone body is resilient. (AC +4)
You are immune to poison.
You resist negative energy. (rN+)
You are resistant to electric shocks. (rElec)
You are resistant to unholy torment.
You are immune to petrification.
You have a pair of small horns on your head.
You are agile. (Dex +4, Str/Int -1)


Message History

The blast of sand hits the scorpion.
The scorpion is lightly wounded.
The orc misses you.
The scorpion stings you but does no damage.
The orc hits you but does no damage.
The blast of sand hits the scorpion!
The scorpion is severely wounded.
The scorpion barely misses you.
You hear some strange, mumbled words.
A puff of flame appears from out of thin air!
The puff of flame misses you. The orc closely misses you.
The scorpion stings you.
The blast of sand hits the scorpion.
The scorpion is almost dead.
Something hits you. The orc closely misses you. The scorpion stings you.
The frilled lizard barely misses you.
The orc hits you from afar with a +0 trident!
The scorpion stings you but does no damage.
You are too injured to fight recklessly!
The scorpion attacks as you move away! The scorpion misses you.
You hear some strange, mumbled words.
A magic dart appears from out of thin air!
The magic dart hits you.
* * * LOW HITPOINT WARNING * * *
The frilled lizard bites you.
* * * LOW HITPOINT WARNING * * *
You hit the frilled lizard.
The frilled lizard is poisoned.
The frilled lizard is heavily wounded.
The scorpion stings you but does no damage.
Something hits you but does no damage. The orc barely misses you.
The frilled lizard bites you.
* * * LOW HITPOINT WARNING * * *
You barely miss the frilled lizard.
The frilled lizard is heavily wounded.
The scorpion barely misses you. Something hits you.
* * * LOW HITPOINT WARNING * * *
The orc hits you from afar with a +0 trident.
* * * LOW HITPOINT WARNING * * *
The frilled lizard bites you.
You die...

##... #.#
..... ...
$.$.##..
.....[#
#....#
.)..#
#†o#
#{s####
#.@lK.##
####...#
#<..#...#
##.##.#.#
#....# ..
.. ######
##. .# ##
.. .


You could see a scorpion, an orc, a kobold and a frilled lizard (very poisoned).

Vanquished Creatures
  An orc priest (D:3)
  Natasha (thrice) (D:2)
  An adder (D:2)
  A worm (D:2)
  5 endoplasms
  5 giant cockroaches
  6 goblins
  4 hobgoblins
  2 jackals (D:2)
  4 kobolds
  A quokka (D:1)
  A ball python (D:2)
  4 bats (D:2)
  4 frilled lizards
  6 rats
48 creatures vanquished.

Notes
Turn   | Place    | Note
-------+----------+-------------------------------------------
     0 | D:1      | ChiefBigBeans the Gargoyle Earth Elementalist began the
                  | quest for the Orb.
     0 | D:1      | Reached XP level 1. HP: 10/10 MP: 3/3
   286 | D:1      | Reached XP level 2. HP: 16/16 MP: 3/5
   523 | D:1      | Reached skill level 1 in Fighting
   771 | D:2      | Reached skill level 1 in Armour
   810 | D:2      | Reached skill level 4 in Earth Magic
   813 | D:2      | Reached XP level 3. HP: 20/20 MP: 0/6
   817 | D:2      | Gained mutation: You have a pair of small horns on your
                  | head. [potion of mutation]
   817 | D:2      | Gained mutation: You are agile. (Dex +4, Str/Int -1)
                  | [potion of mutation]
  1325 | D:2      | Noticed Natasha
  1329 | D:2      | Killed Natasha
  1330 | D:2      | Reached XP level 4. HP: 19/26 MP: 4/7
  1623 | D:2      | Noticed Natasha
  1629 | D:2      | Killed Natasha
  1630 | D:2      | Reached skill level 1 in Short Blades
  1722 | D:2      | Noticed Natasha
  1726 | D:2      | Killed Natasha
  1727 | D:2      | Reached XP level 5. HP: 31/31 MP: 5/9
  1775 | D:3      | Slain by a frilled lizard

Illustrated notes

Levels and vault maps discovered:
D:1:      ebering_trefoil_twist, layout_basic
D:2:      layout_rooms, uniq_natasha
D:3:      layout_basic

Skill      XL: |  1  2  3  4 |
---------------+-------------+-----
Fighting       | 1 2 |  2.4
Armour         | 1 2 |  2.1
Earth Magic    | 4 |  4.6
Short Blades   | 1 |  1.3
Dodging        | |  1.5
Stealth        | |  2.1
Spellcasting   | |  2.8
Transmutations | |  0.7

Action                     |  1- 3 |  4- 6 || total
---------------------------+-------+-------++-------
  Melee: Unarmed           |    10 |       ||    10
         Short sword       |    14 |     3 ||    17
         Headbutt          |     1 |       ||     1
   Cast: Sandblast         |    43 |    18 ||    61
    Use: Scroll            |     4 |       ||     4
         Potion            |     2 |       ||     2
   Stab: Sleeping          |     1 |       ||     1
 Armour: Robe              |     8 |     6 ||    14
  Dodge: Dodged            |    18 |    12 ||    30
